 Dungeon Crawl Stone Soup version 0.17-a0-1634-g6672d08 (webtiles) character file.

2701 Horst the Nimble (level 9, -7/60 HPs)
             Began as a Kobold Berserker on Aug 4, 2015.
             Was an Elder of Trog.
             Killed from afar by a gargoyle (21 damage)
             ... with a stone arrow
             ... on level 8 of the Dungeon.
             The game lasted 00:33:16 (6473 turns).

Horst the Nimble (Kobold Berserker)                 Turns: 6473, Time: 00:33:17

Health: -7/60      AC:  8    Str: 17    XL:     9   Next: 97%
Magic:  9/9        EV: 21    Int:  6    God:    Trog [****..]
Gold:   132        SH:  0    Dex: 16    Spells: 0 memorised, 8 levels left

rFire  . . .     SeeInvis .     D - +5 rapier (venom)
rCold  . . .     Clarity  .     a - +0 robe
rNeg   . . .     SustAt   .     (shield restricted)
rPois  .         Gourm    .     i - +2 hat
rElec  .         Spirit   .     o - +0 cloak
rCorr  .         Warding  .     I - +2 pair of gloves
rMut   .         Stasis   .     (no boots)
MR     .....                    k - amulet of rage
Stlth  ++++......               (no ring)
                                (no ring)

@: not resistant to hostile enchantments, stealthy
A: carnivore 3
a: Burn Spellbooks, Berserk, Trog's Hand, Brothers in Arms, Renounce Religion,
Evoke Berserk Rage


You were on level 8 of the Dungeon.
You worshipped Trog.
Trog was greatly pleased with you.
You were completely stuffed.

You visited 2 branches of the dungeon, and saw 9 of its levels.

You collected 132 gold pieces.

Inventory:

Hand weapons
 y - a +3 dagger of venom
 B - a +0 rapier
 D - a +5 rapier of venom (weapon)
Missiles
 G - 8 tomahawks of returning (quivered)
Armour
 a - a +0 robe (worn)
 b - a +0 animal skin
 i - a +2 hat (worn)
 o - a +0 cloak (worn)
 t - a +2 pair of gloves
 I - a +2 pair of gloves (worn)
Jewellery
 k - an amulet of rage (around neck)
Magical devices
 A - a wand of polymorph (12)
Scrolls
 e - 3 scrolls of identify
 f - 4 scrolls of remove curse
 n - a scroll of amnesia {unknown}
 p - 4 scrolls of immolation
 r - 2 scrolls of noise {unknown}
 s - 2 scrolls of magic mapping
 v - 2 scrolls of teleportation
 x - a scroll of fog {unknown}
 E - a scroll of recharging {unknown}
 H - a scroll of fear {unknown}
Potions
 g - a potion of lignification
 h - 2 potions of degeneration {unknown}
 m - 2 potions of curing
 q - a potion of mutation {unknown}
 u - a potion of brilliance {unknown}
 w - 2 potions of agility {unknown}
 z - a potion of haste {unknown}
 C - 2 potions of heal wounds
Comestibles
 c - 3 meat rations
 d - 2 slices of pizza
 j - 3 beef jerkies
 l - 2 royal jellies
 F - a chunk of flesh


   Skills:
 * Level 8.5 Fighting
 + Level 8.3 Short Blades
 - Level 1.6 Armour
 + Level 9.6 Dodging
 + Level 6.8 Stealth


You had 8 spell levels left.
You didn't know any spells.

Dungeon Overview and Level Annotations

Branches:
Dungeon (8/15)             Temple (1/1) D:4
   Lair: D:8-11

Altars:
Ashenzari
Dithmenos
Elyvilon
Fedhas
Kikubaaqudgha
Makhleb
Nemelex Xobeh
Okawaru
Qazlal
Ru
Sif Muna
Trog
Yredelemnul
Zin
The Shining One

Shops:
D:4 *

Annotations:
D:5 exclusion: oklob plant


Innate Abilities, Weirdness & Mutations

You are small and have problems with some larger weapons.
You are carnivorous and can eat meat at any time.


Message History

The ogre is heavily wounded.
You puncture the ogre!
You kill the ogre!
Trog accepts your kill. The jelly closely misses you. The jelly hits you.
You are splashed with acid!
The acid burns!
You completely miss the jelly. The jelly completely misses you.
You puncture the jelly!
The jelly is poisoned.
Your hands burn!
The jelly is heavily wounded.
The jelly hits you.
You are splashed with acid!
The acid burns!
* * * LOW HITPOINT WARNING * * *
You puncture the jelly!
Your hands burn!
* * * LOW HITPOINT WARNING * * *
The jelly is almost dead.
You puncture the jelly!
You kill the jelly!
Trog accepts your kill.
The gargoyle hurls a stone arrow at you.
The stone arrow hits you!
You die...

#..........
#.#.###.###
#.#(###.####..#
#.............#
#.#####.####.#
#.# #)# #.#
#.####.### #.#
###......... #
#.#
#@..####.### #.
#.# #.###
#.##.# #.#
#..)# #.###
#.##)# #.9.#
#(# ###.#
#.#####.##
#((......#
#######9.#


You could see a gargoyle.

Vanquished Creatures
  Joseph (D:8)
  Eustachio (D:6)
  A hungry ghost (D:5)
  2 water moccasins (D:4)
  2 orc warriors
  3 ogres
  A phantom (D:4)
  A centaur (D:8)
  2 giant frogs
  2 scorpions
  2 crimson imps
  2 giant frog skeletons
  4 jellies
  A centaur zombie (D:3)
  A centaur skeleton (D:7)
  2 hounds
  An iguana (D:4)
  4 orc priests
  7 orc wizards
  3 worker ants
  A hound skeleton (D:4)
  10 adders
  3 gnolls (D:5)
  2 shadow imps (D:6)
  2 adder skeletons
  3 worms
  29 orcs
  2 ball pythons
  5 giant cockroaches
  3 goblins
  6 hobgoblins
  7 jackals
  6 kobolds
  2 quokkas
  6 bats
  3 giant geckos (D:1)
  8 giant newts
  A jackal skeleton (D:5)
  2 quokka skeletons
  A quokka zombie (D:6)
  9 rats
154 creatures vanquished.

Vanquished Creatures (others)
  An ogre (D:8)
  A killer bee (D:8)
  A hound (D:8)
  A worker ant (D:8)
  An orc (D:8)
  12 toadstools (D:5)
17 creatures vanquished.

Grand Total: 171 creatures vanquished

Notes
Turn   | Place    | Note
--------------------------------------------------------------
     0 | D:1      | Horst the Kobold Berserker began the quest for the Orb.
     0 | D:1      | Reached XP level 1. HP: 14/14 MP: 1/1
   203 | D:1      | Reached XP level 2. HP: 12/19 MP: 2/2
   428 | D:1      | Reached XP level 3. HP: 14/23 MP: 3/3
   619 | D:1      | Acquired Trog's second power
  1184 | D:2      | Found a basalt altar of Yredelemnul.
  1196 | D:2      | Found a faded altar to an unknown god.
  1305 | D:2      | Reached XP level 4. HP: 29/29 MP: 4/4
  1631 | D:3      | Found a white marble altar of Elyvilon.
  1632 | D:3      | Found a deep blue altar of Sif Muna.
  1632 | D:3      | Found a shattered altar of Ashenzari.
  1653 | D:3      | Found a burning altar of Makhleb.
  1804 | D:3      | Reached skill level 5 in Short Blades
  1898 | D:3      | Reached skill level 1 in Stealth
  1898 | D:3      | Reached XP level 5. HP: 9/33 MP: 5/5
  2518 | D:3      | Reached XP level 6. HP: 39/39 MP: 6/6
  3011 | D:4      | Found a staircase to the Ecumenical Temple.
  3016 | Temple   | Entered the Ecumenical Temple
  3269 | D:4      | Reached skill level 5 in Dodging
  3395 | D:4      | Reached skill level 6 in Short Blades
  3395 | D:4      | Reached XP level 7. HP: 14/44 MP: 7/7
  3641 | D:4      | Reached skill level 5 in Fighting
  3816 | D:4      | Found Laeficypib's Serpentskin Sales.
  3816 | D:4      | Noticed a water moccasin
  3816 | D:4      | Noticed a water moccasin
  3832 | D:4      | Killed a water moccasin
  3848 | D:4      | Killed a water moccasin
  3848 | D:4      | Reached XP level 8. HP: 32/50 MP: 8/8
  4197 | D:5      | Entered Level 5 of the Dungeon
  4249 | D:5      | Found a blossoming altar of Fedhas.
  4361 | D:5      | Found a sparkling altar of Nemelex Xobeh.
  4518 | D:5      | Found an ancient bone altar of Kikubaaqudgha.
  4533 | D:5      | Reached skill level 7 in Dodging
  4539 | D:5      | Acquired Trog's third power
  5008 | D:5      | Noticed an oklob plant
  5141 | D:6      | Reached skill level 5 in Stealth
  5318 | D:6      | Noticed Eustachio
  5333 | D:6      | Killed Eustachio
  5404 | D:6      | Reached skill level 8 in Dodging
  5404 | D:6      | Reached XP level 9. HP: 57/57 MP: 9/9
  6069 | D:7      | Received a gift from Trog
  6173 | D:7      | Reached skill level 9 in Dodging
  6244 | D:7      | You fall through a shaft!
  6298 | D:8      | Noticed Joseph
  6315 | D:8      | Killed Joseph
  6446 | D:8      | Noticed a gargoyle
  6473 | D:8      | Killed from afar by a gargoyle

Vault maps used:
D:1:      sevenhm_arrival_forest_fort_large_2, minmay_misc_feat_ornament,
          kennysheep_boxes
D:2:      lemuel_doored_altar, ecumenical_altar_1
D:3:      grunt_temple_overflow_open
D:4:      temple_doors_c, glass_columns_b, guppyfry_shop_venom
D:5:      nicolae_overflow_hidden_temple, kiku_gazebo_pond_becter, first_bread,
          tgw_fedhas
D:6:      uniq_eustachio
D:7:      grunt_gozag_statues
D:8:      xom_confusion_cloud, vehumet_crystals, uniq_joseph, uniq_grum,
          uniq_prince_ribbit1
Temple:   zaba_magenta_temple_8

Action                   |  1- 3 |  4- 6 |  7- 9 || total
-------------------------+-------+-------+-------++-------
Melee: Short sword       |    82 |       |       ||    82
       Dagger            |    39 |   215 |   176 ||   430
       Rapier            |       |       |   127 ||   127
Invok: Berserk           |     3 |     5 |     6 ||    14
       Burn Spellbooks   |       |       |     1 ||     1
  Use: Scroll            |     1 |     7 |     1 ||     9
 Stab: Sleeping          |       |     1 |     9 ||    10
  Eat: Chunk             |    10 |    11 |    24 ||    45
